 Dungeon Crawl Stone Soup version 0.20-a0-556-g892c87b (webtiles) character file.

13985 Alarkh the Basher (level 11, -4/84 HPs)
             Began as a Mummy Monk on Feb 4, 2017.
             Was the Champion of Okawaru.
             Splashed by a jelly's acid (11 damage)
             ... on level 1 of the Lair of Beasts.
             The game lasted 00:18:20 (13111 turns).

Alarkh the Basher (Mummy Monk)                     Turns: 13111, Time: 00:18:21

Health: -4/84      AC: -1    Str: 15    XL:     11   Next: 82%
Magic:  23/23      EV: 16    Int: 12    God:    Okawaru [******]
Gold:   966        SH:  0    Dex: 19    Spells: 10/10 levels left

rFire    . . .     SeeInvis .   b - +10 lajatang "Gaafodecwu" {venom, rF+ rN+ Dex+4}
rCold    + . .     Gourm    .   t - +1 troll leather armour
rNeg     + + +     Faith    .   (shield currently unavailable)
rPois    ∞         Spirit   .   o - +0 helmet
rElec    .         Reflect  .   (no cloak)
rCorr    .         Harm     .   c - +2 pair of gloves
MR       +....                  (no boots)
Stlth    ++........             (no amulet)
Regen    0.7/turn               y - ring of wizardry
                                j - ring of magical power

@: corroded
A: no food or potions, fire vulnerability, cold resistance 1, negative energy
resistance 3, torment resistance, unbreathing
a: Heroism, Finesse, Renounce Religion


You were on level 1 of the Lair of Beasts.
You worshipped Okawaru.
Okawaru was exalted by your worship.
You were not hungry.

You visited 3 branches of the dungeon, and saw 13 of its levels.

You collected 966 gold pieces.

Inventory:

Hand Weapons
 a - a +2 morningstar of draining
 b - the +10 lajatang "Gaafodecwu" (weapon) {venom, rF+ rN+ Dex+4}
   (Okawaru gifted it to you on level 11 of the Dungeon)

   It poisons the flesh of those it strikes.
   It affects your dexterity (+4).
   It protects you from fire.
   It protects you from negative energy.
 k - a +0 mace
 w - the +6 dagger "Hydra's Nightmare" {freeze, rElec Str+2}
   (You found it on level 8 of the Dungeon)

   It has been specially enchanted to freeze those struck by it, causing extra
   injury to most foes and up to half again as much damage against particularly
   susceptible opponents.
   It can also slow down cold-blooded creatures.
   It affects your strength (+2).
   It insulates you from electricity.
 B - a +4 antimagic quarterstaff
 J - a +1 morningstar of crushing
Armour
 c - a +2 pair of gloves (worn)
 n - a +2 buckler
 o - a +0 helmet (worn)
 t - a +1 troll leather armour (worn)
 I - a +0 robe
Jewellery
 j - a ring of magical power (left hand)
 s - an uncursed ring of ice
 y - a ring of wizardry (right hand)
Wands
 l - a wand of iceblast (1/15)
 m - a wand of acid (8/15)
 p - a wand of confusion (21/48)
 v - a wand of disintegration (6/24)
 x - a wand of lightning (5/15)
Scrolls
 d - 10 scrolls of remove curse
 e - 2 scrolls of identify
 f - a scroll of enchant armour
 g - 3 scrolls of recharging
 h - a scroll of immolation
 i - 2 scrolls of random uselessness {unknown}
 q - a scroll of fog
 r - 5 scrolls of teleportation
 u - 2 scrolls of amnesia
 z - a scroll of enchant weapon {unknown}
 A - a scroll of magic mapping {unknown}
 C - a scroll of summoning {unknown}
 E - a scroll of torment {unknown}
 F - a scroll of fear
 G - 2 scrolls of blinking {unknown}
Books
 H - a book of Death

   Spells                             Type                      Level
   a - Corpse Rot                     Necromancy                   2
   b - Sublimation of Blood           Necromancy                   2
   c - Agony                          Necromancy                   5
   d - Dispel Undead                  Necromancy                   5
   e - Excruciating Wounds            Charms/Necromancy            5
   f - Bolt of Draining               Conjuration/Necromancy       5
Miscellaneous
 D - a lamp of fire


   Skills:
 + Level 7.0 Fighting
 * Level 12.5 Maces & Flails
 + Level 5.0 Armour
 + Level 6.0 Dodging
 - Level 1.5 Stealth
 + Level 4.7 Invocations


You had 10 spell levels left.
You didn't know any spells.

Dungeon Overview and Level Annotations

Branches:
Dungeon (11/15)            Temple (1/1) D:4            Lair (1/6) D:10
    Orc: D:9-12

Altars:
Ashenzari
Cheibriados
Dithmenos
Elyvilon
Fedhas
Gozag
Hepliaklqana
Kikubaaqudgha
Makhleb
Nemelex Xobeh
Okawaru
Qazlal
Ru
Sif Muna
Trog
Uskayaw
Vehumet
Xom
Yredelemnul
Zin
The Shining One

Shops:
D:2 *

Portals:
Trove: D:11 (give dagger "Cowk")


Innate Abilities, Weirdness & Mutations

You do not eat or drink.
Your flesh is vulnerable to fire.
You are immune to poison.
Your flesh is cold resistant. (rC+)
You are immune to negative energy. (rN+++)
You are immune to unholy pain and torment.
You can survive without breathing.


Message History

You hit the oklob plant but do no damage.
The oklob plant is almost destroyed.
The oklob plant spits acid at you. The splash of acid hits you!
* * * LOW HITPOINT WARNING * * *
The acid corrodes you!
You are splashed with acid!
The acid burns!
* * * LOW HITPOINT WARNING * * *
The jelly closely misses you.
Evoke which item? (* to show all) (? for menu, Esc to quit)
Aiming: Iceblast (will waste charges)
Press: ? - help, Shift-Dir - straight line The mass of ice explodes!
The iceblast engulfs the oklob plant.
You destroy the oklob plant!
Okawaru is honoured by your kill.
Your Dodging skill increases to level 6!
Evoking this partially-identified wand wasted a few charges.
The jelly hits you.
* * * LOW HITPOINT WARNING * * *
You are splashed with acid!
The acid burns!
You die...

##### #P.P# ##...##
#.....# .... #...J.#
.......#..@..#
........##...##
........##...#
........###'## ....
........###.##
...#........).....#
..................#
.P+#..............##
...................#


You could see a jelly.

Vanquished Creatures
  4 two-headed ogres
  An oklob plant (Lair:1)
  A cyclops (D:11)
  A spiny frog (Lair:1)
  2 trolls (D:9)
  Grinder (D:3)
  A hippogriff (Lair:1)
  A hornet (D:8)
  2 wyverns (D:11)
  6 yaks (D:9)
  Eustachio (D:2)
  Grum (D:9)
  Edmund (D:5)
  A hungry ghost (D:9)
  A soldier ant (D:8)
  3 porcupines
  A water moccasin (D:7)
  3 orc warriors
  6 sky beasts
  Duvessa (D:6)
  3 black bears
  A necrophage (D:9)
  6 ice beasts
  5 ogres
  A phantom (D:10)
  4 wolves (D:9)
  5 centaurs
  3 crocodiles
  Blork the orc (D:5)
  8 bullfrogs
  A water moccasin zombie (D:7)
  Dowan (D:6)
  A wyvern skeleton (D:10)
  6 scorpions
  3 killer bees (D:10)
  10 wights
  A howler monkey (D:6)
  8 crimson imps
  A centaur zombie (D:6)
  2 bullfrog zombies
  3 quasits
  11 jellies
  7 hounds
  A bullfrog skeleton (D:10)
  6 orc priests
  15 orc wizards
  Ijyb (D:3)
  3 iguanas
  7 worker ants
  A hound skeleton (D:6)
  A hound zombie (D:6)
  7 gnolls
  10 adders
  A howler monkey skeleton (D:9)
  3 shadow imps
  13 oozes
  An adder skeleton (D:6)
  2 worms
  3 dart slugs
  6 leopard geckos
  50 orcs
  7 giant cockroaches
  11 hobgoblins
  7 jackals
  11 quokkas
  A ball python (D:2)
  6 bats
  5 frilled lizards
  4 goblins
  5 kobolds
  A leopard gecko skeleton (D:7)
  7 rats
327 creatures vanquished.

Vanquished Creatures (others)
  An orc wizard (D:5)
  2 fungi (Lair:1)
  A plant (D:10)
4 creatures vanquished.

Grand Total: 331 creatures vanquished

Notes
Turn   | Place    | Note
-------+----------+-------------------------------------------
     0 | D:1      | Alarkh the Mummy Monk began the quest for the Orb.
     0 | D:1      | Reached XP level 1. HP: 18/18 MP: 1/1
   187 | D:1      | Reached XP level 2. HP: 23/24 MP: 2/2
   238 | D:1      | Reached skill level 3 in Maces & Flails
  1075 | D:2      | Found an opulent altar of Gozag.
  1079 | D:2      | Found Gozag's Platinum Reserve.
  1148 | D:2      | Reached XP level 3. HP: 25/29 MP: 3/3
  1617 | D:2      | Reached skill level 4 in Maces & Flails
  1692 | D:2      | Reached XP level 4. HP: 23/35 MP: 4/4
  1821 | D:3      | Found a glowing golden altar of the Shining One.
  1822 | D:3      | Noticed Grinder
  2011 | D:3      | Found a burning altar of Makhleb.
  2225 | D:3      | Noticed Ijyb
  2237 | D:3      | Killed Ijyb
  2237 | D:3      | Reached XP level 5. HP: 36/41 MP: 5/5
  2388 | D:3      | Reached skill level 5 in Maces & Flails
  2477 | D:4      | Noticed an ogre
  2518 | D:4      | Noticed Eustachio
  2524 | D:3      | Paralysed by Grinder for 7 turns
  2540 | D:3      | Paralysed by Grinder for 2 turns
  2749 | D:3      | Killed Grinder
  2749 | D:3      | Reached skill level 6 in Maces & Flails
  2749 | D:3      | Reached XP level 6. HP: 20/47 MP: 6/6
  3178 | D:2      | Killed Eustachio
  3267 | D:4      | Found a shattered altar of Ashenzari.
  3276 | D:4      | Reached XP level 7. HP: 45/52 MP: 7/7
  3339 | D:4      | Found a staircase to the Ecumenical Temple.
  3389 | Temple   | Entered the Ecumenical Temple
  3505 | Temple   | Became a worshipper of Warmaster Okawaru
  3505 | Temple   | Reached * piety under Okawaru
  3505 | Temple   | Reached ** piety under Okawaru
  3577 | D:4      | Reached skill level 7 in Maces & Flails
  4092 | D:4      | Found a white marble altar of Elyvilon.
  4455 | D:5      | Entered Level 5 of the Dungeon
  4638 | D:5      | Reached skill level 8 in Maces & Flails
  4642 | D:5      | Found a glowing silver altar of Zin.
  4716 | D:5      | Reached XP level 8. HP: 49/58 MP: 8/8
  5028 | D:5      | Noticed Blork the orc
  5047 | D:5      | Killed Blork the orc
  5057 | D:5      | Reached *** piety under Okawaru
  5254 | D:5      | Reached skill level 9 in Maces & Flails
  5868 | D:6      | Noticed Edmund
  5901 | D:5      | Killed Edmund
  6262 | D:7      | Reached skill level 10 in Maces & Flails
  6588 | D:7      | Reached XP level 9. HP: 24/63 MP: 9/9
  6890 | D:6      | Reached **** piety under Okawaru
  6890 | D:6      | Reached skill level 1 in Armour
  7000 | D:6      | Noticed Dowan
  7007 | D:6      | Noticed Duvessa
  7911 | D:6      | Killed Duvessa
  8104 | D:6      | Killed Dowan
  8181 | D:6      | Found a shimmering altar of Xom.
  8612 | D:7      | Found a snail-covered altar of Cheibriados.
  8685 | D:7      | Reached skill level 11 in Maces & Flails
  8909 | D:8      | Reached skill level 1 in Invocations
  8909 | D:8      | Reached XP level 10. HP: 55/73 MP: 10/10
  8950 | D:8      | Got a faintly glowing dagger
  8951 | D:8      | Identified the +6 dagger "Hydra's Nightmare" {freeze, rElec Str+2} (You found it on level 8 of the Dungeon)
  9156 | D:8      | Reached ***** piety under Okawaru
  9384 | D:8      | Noticed a two-headed ogre
  9625 | D:8      | Killed a two-headed ogre
  9625 | D:8      | Reached skill level 5 in Fighting
 10154 | D:9      | Found a radiant altar of Vehumet.
 10603 | D:9      | Reached skill level 5 in Dodging
 10604 | D:9      | Noticed Grum
 10632 | D:9      | Reached XP level 11. HP: 66/81 MP: 13/13
 10640 | D:9      | Killed Grum
 10640 | D:9      | Received a gift from Okawaru
 11117 | D:10     | Entered Level 10 of the Dungeon
 11204 | D:10     | Found a staircase to the Lair.
 11233 | D:10     | Noticed a two-headed ogre
 11244 | D:10     | Killed a two-headed ogre
 11328 | D:10     | Reached skill level 12 in Maces & Flails
 11545 | D:10     | Noticed a two-headed ogre
 11556 | D:10     | Killed a two-headed ogre
 11942 | D:11     | Reached ****** piety under Okawaru
 11965 | D:11     | Noticed a two-headed ogre
 11982 | D:11     | Killed a two-headed ogre
 11982 | D:11     | Received a gift from Okawaru
 11987 | D:11     | Got a fine lajatang {god gift}
 11993 | D:11     | Identified the +10 lajatang "Gaafodecwu" {venom, rF+ rN+ Dex+4} (Okawaru gifted it to you on level 11 of the Dungeon)
 12234 | D:11     | Found a portal to a secret trove of treasure.
 12510 | Lair:1   | Entered Level 1 of the Lair of Beasts
 13069 | Lair:1   | Noticed an oklob plant
 13095 | Lair:1   | Reached skill level 5 in Armour
 13111 | Lair:1   | Killed an oklob plant
 13111 | Lair:1   | Splashed by a jelly's acid

Vault maps used:
D:1:      dpeg_arrival_line_fractal
D:2:      first_bread, nicolae_gozag_zags_fifth_avenue
D:3:      lemuel_round_altar, tso_metal_star, uniq_grinder, uniq_iyjb
D:4:      overflow_temple_1_default, ashenzari_altar_1,
          minmay_temple_entry_glassed_door, uniq_eustachio
D:5:      basic_altar, kennysheep_diamond, grunt_ministairs_14,
          cheibrodos_gnoll_hut, uniq_blork_the_orc
D:6:      tgw_xom, uniq_duvessa, uniq_edmund
D:7:      cheibriados_altar_1
D:8:      hangedman_pestilent_swarm
D:9:      fiery_altar_vehumet, minmay_misc_feat_cross, hangedman_decor_growths,
          uniq_grum
D:10:     grunt_lair_entry_orc_guard_hut
D:11:     enter_trove_3, hangedman_glass_teeth
Temple:   regret_index_temple_waves
Lair:1:   lemuel_slime, serial_bayou_shore_b

Skill      XL: |  1  2  3  4  5  6  7  8  9 10 11 |
---------------+----------------------------------+-----
Maces & Flails | 3 4 6 8 10 11 12 | 12.5
Armour         | 2 4 5 |  5.0
Dodging        | 3 5 6 |  6.0
Fighting       | 4 5 7 |  7.0
Invocations    | 1 3 4 |  4.7
Stealth        | |  1.5

Action                   |  1- 3 |  4- 6 |  7- 9 | 10-12 || total
-------------------------+-------+-------+-------+-------++-------
Melee: Mace              |   120 |    85 |       |       ||   205
       Morningstar       |       |    57 |   474 |   414 ||   945
       Dagger            |       |       |       |     9 ||     9
       Lajatang          |       |       |       |    97 ||    97
Invok: Heroism           |       |       |     5 |     9 ||    14
Evoke: Wand              |       |       |     3 |     5 ||     8
  Use: Scroll            |       |     2 |     7 |     3 ||    12
 Stab: Sleeping          |     1 |     3 |     8 |     4 ||    16
Armor: Robe              |    54 |    36 |   122 |    13 ||   225
       Troll leather arm |       |       |       |   119 ||   119
Dodge: Dodged            |    95 |   116 |   251 |   347 ||   809
Block: Buckler           |       |       |   116 |   109 ||   225
